AoeStats
← CharlesFP89

MegaRandom

509711363Analyzed
4v4 RM · 3d ago on Sep 27, 2026· 34m 48s· 8 players
Game mode
Random Map
Map size
Large (8 player)
Population
200
Speed
Normal
Resources
Standard
Victory
Conquest
Starting age
Dark Age
Ending age
Imperial Age
RankedLock teamsTeams togetherTeam positionsShared explorationLock speedFull tech treeHidden civsTurbo modeCheats
Victory
Defeat
🇫🇷 Persians · France
948
+16
🇫🇷 Franks · France
895
+18
🇨🇭 Italians · Switzerland
878
+18
🇫🇷 Teutons · France
857
+19
🇨🇳 Mapuche · China
954
-19
🇺🇸 Varangians · United States
944
-18
🇬🇧 Japanese · United Kingdom
938
-18
🇨🇦 Poles · Canada
897
-16
The Architecht
4:49 Loom
11:00 Feudal Age
11:25 Double-Bit Axe
16:07 Castle Age
14:35 Horse Collar
15:07 Fletching
17:04 Bow Saw
23:04 Forging
30:33 Imperial Age
28:31 Bloodlines
35:21 Iron Casting
34:52 Scale Barding Armor
HoldMyB33rforme
8:36 Loom
12:01 Feudal Age
12:46 Double-Bit Axe
23:06 Fletching
26:03 Scale Mail Armor
28:31 Horse Collar
31:49 Castle Age
32:40 Bloodlines
32:45 Husbandry
33:03 Pikeman
shifty3737
6:16 Loom
13:19 Feudal Age
16:09 Forging
16:04 Scale Barding Armor
18:26 Bloodlines
23:32 Castle Age
21:35 Man-at-Arms
24:57 Husbandry
26:34 Wheelbarrow
25:45 Town Watch
25:58 Town Watch
29:06 Stone Mining
29:07 Double-Bit Axe
29:06 Horse Collar
31:06 Chain Barding Armor
33:23 Pikeman
34:03 Squires
做宝可梦
7:09 Loom
12:24 Feudal Age
13:15 Champi Runner
14:17 Arson
15:08 Double-Bit Axe
22:07 Castle Age
19:51 Horse Collar
20:07 Gold Mining
20:08 Stone Mining
23:38 Wheelbarrow
24:27 Fletching
24:37 Padded Archer Armor
24:49 Forging
24:40 Scale Mail Armor
27:19 Stone Shaft Mining
29:35 Bodkin Arrow
29:56 Leather Archer Armor
30:59 Murder Holes
30:45 Treadmill Crane
31:27 Ballistics
32:59 Pikeman
33:58 Champi Warrior
35:18 Iron Casting
34:58 Chain Mail Armor
plaiemobile
3:20 Loom
9:22 Feudal Age
14:34 Forging
21:55 Double-Bit Axe
26:07 Castle Age
28:01 Iron Casting
27:32 Scale Barding Armor
27:29 Gold Mining
CharlesFP89
11:56 Feudal Age
15:54 Castle Age
14:41 Horse Collar
15:28 Double-Bit Axe
26:56 Bloodlines
27:38 Scale Barding Armor
28:52 Wheelbarrow
28:03 Loom
27:57 Crossbowman
32:28 Hand Cart
Legrumsx
11:01 Feudal Age
9:25 Loom
16:01 Castle Age
14:09 Fletching
14:52 Double-Bit Axe
15:00 Horse Collar
16:41 Crossbowman
22:09 Heavy Plow
24:40 Bodkin Arrow
24:58 Forging
29:40 Bow Saw
32:41 Wheelbarrow
34:59 Gold Mining
Haboryme
5:07 Loom
11:29 Feudal Age
15:56 Man-at-Arms
22:32 Castle Age
20:54 Horse Collar
24:31 Double-Bit Axe
27:08 Castle Age
33:02 Pikeman
Connection lost

Rejoining the realm…

Still unreachable

The connection could not be restored.

Session expired

The server has moved on; the page needs a fresh start.